 Dungeon Crawl Stone Soup version 0.30.1-3-gfc49f6343a (webtiles) character file.

Game seed: 2079249869997386750

814 monsoonserge the Conjurer (level 7, -5/51 HPs)
             Began as a Gnoll Conjurer on July 20, 2023.
             Slain by an ogre
             ... wielding a +0 giant club
              (30 damage)
             ... on level 5 of the Dungeon.
             The game lasted 00:20:27 (5454 turns).

monsoonserge the Conjurer (Gnoll Conjurer)          Turns: 5454, Time: 00:20:28

Health: -5/51      AC:  5    Str:  6    XL:     7   Next: 93%
Magic:  7/15       EV: 12    Int: 19    God:
Gold:   334        SH:  0    Dex: 11    Spells: 14/17 levels left

rFire   . . .        r - +1 dagger (protect)
rCold   + . .        E - orb {*Rage}
rNeg    . . .        m - +0 leather armour
rPois   .            o - +0 helmet
rElec   .            i - +0 cloak
rCorr   .            (no gloves)
SInv    .            (no boots)
Will    .....        (no amulet)
Stlth   ++           u - ring of protection from cold
HPRegen 0.28/turn    (no ring)
MPRegen 0.14/turn

%: random rage (20%)
@: no status effects
A: fangs 1, strong nose, distributed training
a: no special abilities


You were on level 5 of the Dungeon.
You visited 1 branch of the dungeon, and saw 5 of its levels.
You also visited: Ossuary.

You collected 334 gold pieces.

Inventory:

Hand Weapons
 r - a +1 dagger of protection (weapon)
Missiles
 q - 4 poisoned darts (quivered)
Armour
 i - a +0 cloak (worn)
 j - a +0 ring mail
 m - a +0 leather armour (worn)
 o - a +0 helmet (worn)
 E - an orb of wrath (worn)
Magical Staves
 G - a staff of earth
Jewellery
 u - a ring of protection from cold (left hand)
Wands
 t - a wand of mindburst (17)
 w - a wand of light (13)
 F - a wand of paralysis (7)
Scrolls
 c - 2 scrolls of poison {unknown}
 d - a scroll of enchant armour {unknown}
 e - 2 scrolls of fog {unknown}
 f - 4 scrolls of identify {unknown}
 h - 2 scrolls of vulnerability {unknown}
 k - 6 scrolls of teleportation {unknown}
 l - 2 scrolls of amnesia {unknown}
 n - 2 scrolls of fear {unknown}
 s - 2 scrolls of immolation
 y - a scroll of blinking {unknown}
Potions
 a - 4 potions of curing {unknown}
 b - a potion of magic
 g - 6 potions of mutation
 p - a potion of invisibility {unknown}
 v - 2 potions of heal wounds {unknown}
 x - 2 potions of flight {unknown}
 z - a potion of attraction {unknown}
 A - 3 potions of might {unknown}
 B - a potion of brilliance {unknown}
 C - a potion of cancellation {unknown}
 D - a potion of haste {unknown}


   Skills:
 + Level 2.9 Fighting
 + Level 2.9 Short Blades
 + Level 2.9 Long Blades
 + Level 2.9 Axes
 + Level 2.9 Maces & Flails
 + Level 2.9 Polearms
 + Level 2.9 Staves
 + Level 2.9 Ranged Weapons
 + Level 2.9 Throwing
 + Level 2.9 Armour
 + Level 5.4 Dodging
 + Level 5.1 Stealth
 + Level 2.9 Shields
 + Level 2.9 Unarmed Combat
 + Level 5.8 Spellcasting
 + Level 7.5 Conjurations
 + Level 2.3 Hexes
 + Level 2.3 Summonings
 + Level 2.3 Necromancy
 + Level 2.3 Translocations
 + Level 2.3 Transmutations
 + Level 2.3 Fire Magic
 + Level 2.3 Ice Magic
 + Level 2.3 Air Magic
 + Level 2.3 Earth Magic
 + Level 2.3 Poison Magic
 + Level 3.2 Invocations
 + Level 2.9 Evocations


You had 14 spell levels left.
You knew the following spells:

 Your Spells              Type           Power      Damage    Failure   Level
a - Magic Dart            Conj           100%       1d8       1%          1
b - Searing Ray           Conj           68%        2d6       1%          2

Your spell library contained the following spells:

 Spells                   Type           Power      Damage    Failure   Level
 Freeze                   Ice            56%        1d7       6%          1
 Dazzling Flash           Conj/Hex       48%        N/A       7%          3
 Hailstorm                Conj/Ice       24%        3d7       7%          3
 Cigotuvi's Dreadful Rot  Necr/Pois/Air  28%        N/A       10%         2
 Frozen Ramparts          Ice            28%        1d5       19%         3
 Ignite Poison            Fire/Tmut/Pois 14%        N/A       19%         3
 Fulminant Prism          Conj/Hex       12%        3d9       22%         4
 Iskenderun's Mystic Bla  Conj/Tloc      24%        2d7       22%         4
 Sticky Flame             Conj/Fire      24%        2d5       22%         4
 Dispel Undead            Necr           14%        3d10      54%         4
 Freezing Cloud           Conj/Ice/Air   10%        6-21      65%         5
 Death Channel            Necr           7%         N/A       100%        6
 Ignition                 Fire           7%         3d4       100%        8


Dungeon Overview and Level Annotations

Branches:
Dungeon (5/15)            Ossuary (visited)
 Temple: D:4-7

Altars:
The Shining One

Shops:
D:2 (?(=[

Annotations:
D:4 2 transporters, cheesebisquit's ghost, amateur HOFi


Innate Abilities, Weirdness & Mutations

You have very sharp teeth.
Your uncanny sense of smell can sniff out nearby items.
Your experience applies equally to all skills.


Message History

You now have 334 gold pieces (gained 8).
Things that are here:
a +0 dagger; a +0 robe; an orc corpse
There is an open door here.
You open the door.
There is an open door here.
You see here a staff of earth.
G - a staff of earth
Found a stone staircase leading down.
An ogre comes into view. It is wielding a +0 giant club.
The ogre shouts!
Casting: Searing Ray (safe; 1% risk of failure)
Confirm with . or Enter, or press ? or * to list all spells.
Aiming: Searing Ray (safe; 1% risk of failure)
Press: ? - help, Shift-Dir - straight line, f - ogre
Aim: an ogre, wielding a +0 giant club (91% to hit)
The searing ray misses the ogre. (Press . to maintain the ray.)
The searing ray hits the ogre.
The ogre is lightly wounded.
The searing ray hits the ogre!
The ogre is heavily wounded.
The ogre barely misses you.
The searing ray hits the ogre.
The ogre is heavily wounded.
You finish channelling your searing ray.
The ogre hits you with a +0 giant club!!
Ouch! That really hurt!
Casting: Searing Ray (safe; 1% risk of failure)
Confirm with . or Enter, or press ? or * to list all spells.
Aiming: Searing Ray (safe; 1% risk of failure)
Press: ? - help, Shift-Dir - straight line, f/p - ogre
Aim: an ogre, wielding a +0 giant club (heavily wounded, 91% to hit)
The searing ray hits the ogre.
The ogre is almost dead. (Press . to maintain the ray.)
The searing ray misses the ogre.
The ogre hits you with a +0 giant club!!
Ouch! That really hurt!
You die...

#....# #....# #....#
.# #....# .#
####....# #.#
#.......#######.###
#..................
#....##.........#
#..@.++.........#
#..O.##.........#
#....##.........#
#....##.........####
#....##.............
#....#########......
###'## ##...... #.#
#....... #.......


You could see an ogre.

Vanquished Creatures
  A phantom (D:4)
  A scorpion (D:4)
  2 centaur zombies (Ossuary)
  A gnoll bouda (D:5)
  2 hounds (D:5)
  A jelly (D:5)
  2 orc priests
  An iguana (D:4)
  Ijyb (D:3)
  An orc wizard (D:5)
  6 mummies (Ossuary)
  Robin (D:2)
  7 gnolls
  9 adders
  An ufetubus (D:4)
  3 worms
  5 dart slugs
  9 orcs
  3 endoplasms
  3 giant cockroaches
  14 goblins
  9 hobgoblins
  A quokka (D:4)
  5 ball pythons
  3 bats
  5 frilled lizards
  2 goblin zombies (Ossuary)
  A hobgoblin zombie (Ossuary)
  6 kobolds
  3 orc zombies (Ossuary)
  3 rats
112 creatures vanquished.

Vanquished Creatures (others)
  An orc wizard (D:5)
1 creature vanquished.

Grand Total: 113 creatures vanquished

Notes
Turn   | Place    | Note
-------+----------+-------------------------------------------
     0 | D:1      | monsoonserge the Gnoll Conjurer began the quest for the
                  | Orb.
     0 | D:1      | Reached XP level 1. HP: 13/13 MP: 6/6
   289 | D:1      | Reached XP level 2. HP: 19/19 MP: 4/7
   342 | D:2      | Learned a level 2 spell: Searing Ray
   548 | D:1      | Reached skill level 5 in Spellcasting
   548 | D:1      | Reached XP level 3. HP: 25/25 MP: 4/9
   769 | D:2      | Noticed Robin
   924 | D:2      | Found Qiegh's Antique Weapon Boutique.
   934 | D:2      | Reached skill level 1 in Invocations
  1026 | D:2      | Found Yrutuuste's Magic Scroll Boutique.
  1269 | D:2      | Reached skill level 1 in Fighting
  1269 | D:2      | Reached skill level 1 in Short Blades
  1269 | D:2      | Reached skill level 1 in Long Blades
  1269 | D:2      | Reached skill level 1 in Axes
  1269 | D:2      | Reached skill level 1 in Maces & Flails
  1269 | D:2      | Reached skill level 1 in Polearms
  1269 | D:2      | Reached skill level 1 in Staves
  1269 | D:2      | Reached skill level 1 in Ranged Weapons
  1269 | D:2      | Reached skill level 1 in Throwing
  1269 | D:2      | Reached skill level 1 in Armour
  1269 | D:2      | Reached skill level 1 in Shields
  1269 | D:2      | Reached skill level 1 in Unarmed Combat
  1269 | D:2      | Reached skill level 1 in Evocations
  1277 | D:2      | Found Achiesig's Armour Shoppe.
  1352 | D:2      | Killed Robin
  1353 | D:2      | Reached XP level 4. HP: 32/32 MP: 4/11
  1536 | D:2      | Found Yzocon's Jewellery Shop.
  1642 | D:2      | Reached skill level 1 in Hexes
  1642 | D:2      | Reached skill level 1 in Summonings
  1642 | D:2      | Reached skill level 1 in Necromancy
  1642 | D:2      | Reached skill level 1 in Translocations
  1642 | D:2      | Reached skill level 1 in Transmutations
  1642 | D:2      | Reached skill level 1 in Fire Magic
  1642 | D:2      | Reached skill level 1 in Ice Magic
  1642 | D:2      | Reached skill level 1 in Air Magic
  1642 | D:2      | Reached skill level 1 in Earth Magic
  1642 | D:2      | Reached skill level 1 in Poison Magic
  2117 | D:2      | Found Faguod's Weapon Boutique.
  2455 | D:3      | Reached XP level 5. HP: 37/37 MP: 8/12
  2830 | D:3      | Found a glowing golden altar of the Shining One.
  3180 | D:4      | Noticed Ijyb
  3191 | D:3      | Killed Ijyb
  3271 | D:4      | Found a sand-covered staircase.
  3331 | Ossuary  | Entered an ossuary
  3428 | Ossuary  | Reached XP level 6. HP: 44/44 MP: 3/13
  3784 | Ossuary  | Reached skill level 5 in Dodging
  4131 | D:4      | Noticed cheesebisquit's ghost (amateur HOFi)
  4132 | D:4      | Found a transporter.
  4140 | D:4      | Found a transporter.
  4357 | D:4      | Reached XP level 7. HP: 38/51 MP: 6/15
  4841 | D:5      | Entered Level 5 of the Dungeon
  4898 | D:5      | Reached skill level 5 in Stealth
  5454 | D:5      | Slain by an ogre

Illustrated notes

Levels and vault maps discovered:
D:1:      dpeg_arrival_lava_temple_mockup, layout_basic
D:2:      layout_basic, serial_shops, nicolae_shop_back_alley_shop,
          nicolae_shop_rolling_square, shop, nicolae_shop_trees, shop,
          uniq_robin
D:3:      layout_loops_ring, nicolae_tso_swordbearing_angel, serial_forest,
          infiniplex_forest_clump_diagonal, infiniplex_forest_lined_room_3,
          infiniplex_forest_straight_2, infiniplex_forest_straight_2,
          infiniplex_forest_lined_3, infiniplex_forest_lined_1,
          infiniplex_forest_straight_3
D:4:      layout_basic, enter_ossuary_2, gammafunk_ghost_smash,
          guppyfry_early_lair_pool, uniq_ijyb
D:5:      layout_basic, serial_shops, shop

Skill      XL: |  1  2  3  4  5  6  7 |
---------------+----------------------+-----
Spellcasting   | 5 |  5.8
Invocations    | 1 2 3 |  3.2
Fighting       | 1 2 |  2.9
Short Blades   | 1 2 |  2.9
Long Blades    | 1 2 |  2.9
Axes           | 1 2 |  2.9
Maces & Flails | 1 2 |  2.9
Polearms       | 1 2 |  2.9
Staves         | 1 2 |  2.9
Ranged Weapons | 1 2 |  2.9
Throwing       | 1 2 |  2.9
Armour         | 1 2 |  2.9
Shields        | 1 2 |  2.9
Unarmed Combat | 1 2 |  2.9
Evocations     | 1 2 |  2.9
Hexes          | 1 2 |  2.3
Summonings     | 1 2 |  2.3
Necromancy     | 1 2 |  2.3
Translocations | 1 2 |  2.3
Transmutations | 1 2 |  2.3
Fire Magic     | 1 2 |  2.3
Ice Magic      | 1 2 |  2.3
Air Magic      | 1 2 |  2.3
Earth Magic    | 1 2 |  2.3
Poison Magic   | 1 2 |  2.3
Dodging        | 5 |  5.4
Stealth        | 5 |  5.1
Conjurations   | |  7.5

Action                     |  1- 3 |  4- 6 |  7- 9 || total
---------------------------+-------+-------+-------++-------
  Melee: Dagger            |     6 |    25 |    15 ||    46
         Bite              |       |     3 |     2 ||     5
  Throw: Dart              |       |     2 |       ||     2
   Cast: Magic Dart        |    18 |       |       ||    18
         Searing Ray       |    17 |    56 |    20 ||    93
  Evoke: Wand              |       |       |     2 ||     2
   Stab: Sleeping          |     1 |       |       ||     1
 Armour: Robe              |     1 |       |       ||     1
         Ring mail         |    11 |       |       ||    11
         Leather armour    |     2 |    28 |    13 ||    43
  Dodge: Dodged            |    11 |    48 |    23 ||    82
